 Dungeon Crawl Stone Soup version 0.30-b1-2-g02819fbbbe (webtiles) character file.

Game seed: 3513187190892307780

69 MajorAdolf the Trooper (level 4, -5/40 HPs)
             Began as a Naga Wanderer on Sept 16, 2023.
             Slain by Grinder (6 damage)
             ... on level 3 of the Dungeon.
             The game lasted 00:01:58 (1269 turns).

MajorAdolf the Trooper (Naga Wanderer)              Turns: 1269, Time: 00:01:59

Health: -5/40      AC:  5    Str: 15    XL:     4   Next: 20%
Magic:  5/5        EV:  7    Int: 11    God:
Gold:   67         SH:  0    Dex: 13    Spells: 4/5 levels left

rFire   . . .        a - +3 mace
rCold   . . .        (no shield)
rNeg    . . .        e - +1 scale mail
rPois   +            (no helmet)
rElec   .            (no cloak)
rCorr   .            (no gloves)
SInv    +            (no barding)
Will    .....        (no amulet) Stlth
                     (no ring)
HPRegen 0.26/turn    (no ring)
MPRegen 0.09/turn

%: no passive effects
@: hasted, quick
A: AC +1, large, see invisible, deformed body, poison resistance, slowness 2,
spit poison 1, naga tail 1
a: Spit Poison


You were on level 3 of the Dungeon.
You visited 1 branch of the dungeon, and saw 3 of its levels.

You collected 67 gold pieces.

Inventory:

Hand Weapons
 a - a +3 mace (weapon)
 g - a +1 vampiric short sword
Armour
 c - a +0 leather armour
 e - a +1 scale mail (worn)
Magical Staves
 h - a staff of earth
Scrolls
 f - 2 scrolls of teleportation
Potions
 b - a potion of haste
 d - a potion of lignification {unknown}


   Skills:
 + Level 2.9 Fighting
 + Level 2.8 Maces & Flails
 + Level 1.1 Armour
 + Level 1.6 Dodging
 - Level 1.5 Stealth
 - Level 1.0 Spellcasting
 - Level 1.0 Ice Magic
 - Level 2.0 Evocations


You had 4 spell levels left.
You knew the following spells:

 Your Spells              Type           Power      Damage    Failure   Level
a - Freeze                Ice            8%         1d3       65%         1

Your spell library contained the following spells:

 Spells                   Type           Power      Damage    Failure   Level
 Hailstorm                Conj/Ice       1%         3d3       97%         3


Dungeon Overview and Level Annotations

Branches:
Dungeon (3/15)

Altars:

Annotations:
D:3 Grinder


Innate Abilities, Weirdness & Mutations

Your serpentine skin is tough. (AC +1)
You have supernaturally acute eyesight. (SInv)
Armour fits poorly on your strangely shaped body.
Your system is resistant to poisons. (rPois)
You cover ground very slowly.
You can spit poison.
You have a snake-like lower body.


Message History

Grinder is moderately wounded.
Grinder blinks!
You thump Grinder!
Grinder is heavily wounded.
You hit Grinder.
Grinder is severely wounded.
Grinder hits you but does no damage.
You barely miss Grinder.
Grinder is severely wounded.
Grinder hits you.
You hit Grinder.
Grinder is severely wounded.
Grinder blinks!
The bat completely misses you. The bat hits you but does no damage.
The bat attacks as you move away! The bat barely misses you.
The bat hits you but does no damage. Grinder barely misses you.
The bat closely misses you.
You closely miss Grinder.
Grinder is severely wounded.
The bat hits you but does no damage. The bat closely misses you.
Grinder hits you.
You writhe in agony.
You closely miss Grinder.
Grinder is severely wounded.
The bat hits you but does no damage. x2; Grinder hits you!
* * * LOW HITPOINT WARNING * * *
You writhe in agony.
* * * LOW HITPOINT WARNING * * *
Unknown command.
You barely miss Grinder.
Grinder is severely wounded.
The bat hits you but does no damage. Grinder closely misses you.
You barely miss Grinder.
Grinder is severely wounded.
The bat barely misses you.
You closely miss Grinder.
Grinder is severely wounded.
The bat barely misses you. Grinder hits you.
* * * LOW HITPOINT WARNING * * *
You writhe in agony.
You die...

#.#
##.############
#.............#
#..##########.#
#..# #†# #..# #.#
#..# #<# . #..#
############....
#..#
#....5@br.......
#..#
#.#########.....
#..###.# ...
##.#....#.####..
.
#................
#..#[##.#.####..#
#....#. #.#.#
#..# #. #.#.# >..
#. ..#.#


You could see Grinder, a bat and a rat.

Vanquished Creatures
  3 adders (D:2)
  A dart slug (D:2)
  2 ball pythons
  2 endoplasms
  2 giant cockroaches
  2 goblins (D:1)
  2 hobgoblins
  3 jackals (D:3)
  5 quokkas
  4 bats
  A frilled lizard (D:1)
  7 kobolds
  2 rats (D:1)
36 creatures vanquished.

Notes
Turn   | Place    | Note
-------+----------+-------------------------------------------
     0 | D:1      | MajorAdolf the Naga Wanderer began the quest for the Orb.
     0 | D:1      | MajorAdolf set off with the following items: a +3 mace, a
                  | potion of haste, a +0 leather armour; and the following
                  | spell memorised: Freeze; and the following spells available
                  | to memorise: Hailstorm.
     0 | D:1      | Reached XP level 1. HP: 19/19 MP: 2/2
   134 | D:1      | Reached XP level 2. HP: 18/27 MP: 3/3
   459 | D:2      | Reached XP level 3. HP: 26/33 MP: 4/4
   747 | D:2      | Reached skill level 1 in Armour
   819 | D:2      | Reached XP level 4. HP: 38/40 MP: 5/5
  1244 | D:3      | Noticed Grinder
  1269 | D:3      | HP: 1/40 [Grinder (5)]
  1269 | D:3      | Slain by Grinder

Illustrated notes

Levels and vault maps discovered:
D:1:      erik_arrival_orb_chamber, layout_rooms
D:2:      layout_basic
D:3:      layout_basic, mainiacjoe_overflow_alcove_1, serial_shops,
          nicolae_shop_behind_doors, uniq_grinder, uniq_jessica, uniq_sigmund,
          uniq_terence

Skill      XL: |  1  2  3 |
---------------+----------+-----
Armour         | 1 |  1.1
Fighting       | |  2.9
Maces & Flails | |  2.8
Dodging        | |  1.6
Stealth        | |  1.5
Spellcasting   | |  1.0
Ice Magic      | |  1.0
Evocations     | |  2.0

Action                     |  1- 3 |  4- 6 || total
---------------------------+-------+-------++-------
  Melee: Mace              |    72 |    33 ||   105
         Punch             |       |     1 ||     1
Ability: Spit Poison       |     2 |     1 ||     3
    Use: Scroll            |       |     3 ||     3
         Potion            |       |     1 ||     1
 Armour: Leather armour    |     3 |       ||     3
         Scale mail        |    31 |    16 ||    47
  Dodge: Dodged            |    41 |    16 ||    57
